 Dungeon Crawl Stone Soup version 0.29.1-2-gbd0b4ee654 (webtiles) character file.

Game seed: 18208380136550480135

129 GorkyZ the Chopper (level 5, -2/46 HPs)
             Began as a Hill Orc Fighter on Nov 14, 2022.
             Slain by an orc
             ... wielding a +0 flail
              (3 damage)
             ... on level 3 of the Dungeon.
             The game lasted 00:05:45 (2176 turns).

GorkyZ the Chopper (Hill Orc Fighter)               Turns: 2176, Time: 00:05:46

Health: -2/46      AC:  7    Str: 21    XL:     5   Next: 12%
Magic:  5/5        EV:  9    Int:  8    God:
Gold:   92         SH:  4    Dex: 10    Spells: 4/4 levels left

rFire   . . .      SeeInvis .   a - +0 war axe
rCold   . . .      Faith    .   c - +0 buckler
rNeg    . . .      Spirit   .   b - +0 scale mail
rPois   .          Reflect  .   (no helmet)
rElec   .          Harm     .   (no cloak)
rCorr   .          Rampage  .   (no gloves)
Will    .....                   (no boots)
Stlth   ..........              (no amulet)
HPRegen 0.15/turn               (no ring)
MPRegen 0.09/turn               (no ring)

@: no status effects
A: no striking features
a: no special abilities


You were on level 3 of the Dungeon.
You visited 1 branch of the dungeon, and saw 3 of its levels.

You collected 92 gold pieces.

Inventory:

Hand Weapons
 a - a +0 war axe (weapon)
 n - a +1 dagger of draining
Armour
 b - a +0 scale mail (worn)
 c - a +0 buckler (worn)
Scrolls
 f - 3 scrolls of identify {unknown}
 g - 2 scrolls of enchant armour {unknown}
 j - a scroll of silence {unknown}
 o - a scroll of blinking {unknown}
Potions
 d - a potion of might
 e - 2 potions of experience {unknown}
 h - 3 potions of magic {unknown}
 i - a potion of brilliance {unknown}
 k - 2 potions of heal wounds {unknown}
 l - a potion of lignification {unknown}
 m - 3 potions of curing {unknown}
 p - a potion of flight {unknown}


   Skills:
 + Level 4.2 Fighting
 * Level 5.4 Axes
 + Level 3.8 Armour
 + Level 0.2 Dodging
 + Level 3.6 Shields


You had 4 spell levels left.
You didn't know any spells.
Your spell library contained the following spells:

 Spells                   Type           Power      Damage    Failure   Level
 Conjure Flame            Conj/Fire      0%         6-21      99%         3
 Ignite Poison            Fire/Tmut/Pois 0%         N/A       99%         3
 Sticky Flame             Conj/Fire      0%         2d3       100%        4
 Malign Gateway           Summ/Tloc      0%         N/A       100%        7
 Summon Horrible Things   Summ           0%         N/A       100%        8


Dungeon Overview and Level Annotations

Branches:
Dungeon (3/15)

Altars:
Vehumet


Message History

You feel sick. The orc barely misses you. The orc hits you but does no damage.
You see here an adder corpse.
You feel sick. You block the orc's attack. The orc hits you with a +0 flail.
The orc attacks as you move away! The orc hits you but does no damage.
You feel sick.
You are no longer poisoned.
You barely miss the orc. The orc hits you with a +0 whip.
You hit the orc.
The orc is heavily wounded.
You barely miss the orc.
The orc is moderately wounded.
You closely miss the orc. You hit the orc. The orc hits you with a +0 whip.
* * * LOW HITPOINT WARNING * * *
You block the orc's attack. The orc hits you with a +0 flail.
* * * LOW HITPOINT WARNING * * *
The orc hits you with a +0 whip.
* * * LOW HITPOINT WARNING * * *
The orc hits you with a +0 dagger.
* * * LOW HITPOINT WARNING * * *
You slash the orc!
You kill the orc!
You hit the orc but do no damage. You closely miss the orc.
The orc closely misses you. The orc hits you with a +0 whip.
* * * LOW HITPOINT WARNING * * *
You barely miss the orc. x3; You block the orc's attack.
The orc hits you but does no damage. The orc barely misses you.
Unknown command.
You barely miss the orc. You hit the orc but do no damage.
You barely miss the orc. You block the orc's attack.
The orc hits you with a +0 dagger.
* * * LOW HITPOINT WARNING * * *
The orc barely misses you. The orc closely misses you.
The orc hits you but does no damage. The orc barely misses you.
You closely miss the orc. You hit the orc.
You kill the orc!
You barely miss the orc. The orc barely misses you.
The orc hits you but does no damage.
You barely miss the orc. You hit the orc but do no damage.
The orc closely misses you. The orc hits you with a +0 flail.
You die...

.. #. ....# ... #.
....# ....#.###....#
....#'#......
.....[.....#
...........#
......††...#
....#.#o##### .
#.o@)...# ##.####.#
#. #......# . # #.
#####..##...# #.####
#..........
.###....###.#........
#
.'......##....#......
#. #....##..###......
#.
#....'.............#


You could see 2 orcs.

Vanquished Creatures
  A hound (D:3)
  Jessica (D:2)
  An adder (D:3)
  7 orcs (D:3)
  6 endoplasms
  A giant cockroach (D:2)
  7 goblins
  7 hobgoblins
  2 quokkas (D:1)
  6 ball pythons
  5 bats
  3 frilled lizards (D:1)
  4 kobolds
  4 rats
55 creatures vanquished.

Notes
Turn   | Place    | Note
-------+----------+-------------------------------------------
     0 | D:1      | GorkyZ the Hill Orc Fighter began the quest for the Orb.
     0 | D:1      | Reached XP level 1. HP: 19/19 MP: 1/1
   156 | D:1      | Reached XP level 2. HP: 23/27 MP: 2/2
   158 | D:1      | Reached skill level 3 in Axes
   281 | D:1      | Found a faded altar of an unknown god.
   671 | D:1      | Found a radiant altar of Vehumet.
   761 | D:2      | Reached XP level 3. HP: 32/33 MP: 3/3
  1206 | D:2      | Reached skill level 4 in Axes
  1261 | D:2      | Noticed Jessica
  1263 | D:2      | Killed Jessica
  1264 | D:2      | Reached XP level 4. HP: 40/40 MP: 4/4
  1690 | D:3      | Reached skill level 5 in Axes
  2165 | D:3      | Reached XP level 5. HP: 31/45 MP: 5/5
  2174 | D:3      | HP: 1/46 [orc/+0 dagger (2)]
  2176 | D:3      | Slain by an orc

Illustrated notes

Levels and vault maps discovered:
D:1:      dpeg_arrival_lava_altar, layout_rooms, nicolae_ecumenical_lake_church,
          minivault_19
D:2:      layout_basic, reono_crystal_passage, uniq_jessica
D:3:      minmay_chambers_of_threes, layout_basic, uniq_natasha

Skill      XL: |  1  2  3  4 |
---------------+-------------+-----
Axes           | 3 4 5 |  5.4
Fighting       | 4 |  4.2
Armour         | |  3.8
Dodging        | |  0.2
Shields        | |  3.6

Action                   |  1- 3 |  4- 6 || total
-------------------------+-------+-------++-------
Melee: War axe           |    66 |    68 ||   134
Armor: Scale mail        |    22 |    36 ||    58
Dodge: Dodged            |    37 |    32 ||    69
Block: Buckler           |    12 |    15 ||    27
